 Dungeon Crawl Stone Soup version 0.13-a0-2907-g70ca29e (webtiles) character file.

468 PolkaDot the Ruinous (level 6, 0/39 HPs)
             Began as a Vampire Wizard on Aug 31, 2013.
             Was an Initiate of Vehumet.
             Slain by a giant mite (5 damage)
             ... on Level 4 of the Dungeon.
             The game lasted 00:18:19 (4017 turns).

PolkaDot the Ruinous (Vampire Wizard)               Turns: 4017, Time: 00:18:20

HP   0/39        AC  3     Str  6      XL: 6   Next:  0%
MP  15/15        EV 12     Int 22      God: Vehumet [......]
Gold 202         SH  0     Dex 12      Spells:  2 memorised,  7 levels left

Res.Fire  : . . .   See Invis. : +   s - +0,+1 dwarf dagger
Res.Cold  : + + .   Warding    : .   a - +0 robe
Life Prot.: + + +   Conserve   : .   (no shield)
Res.Poison: +       Res.Corr.  : .   b - +0 wizard hat
Res.Elec. : .       Clarity    : .   j - +0 cloak
Sust.Abil.: . .     Spirit.Shd : .   (no gloves)
Res.Mut.  : .       Stasis     : .   (no boots)
Res.Rott. : +       Flight     : .   (no amulet)
Saprovore : . . .                    (no ring)
                                     (no ring)

@: non-regenerating, slightly resistant to hostile enchantments, unstealthy
A: bottle blood, fangs 3, see invisible, unbreathing
a: Bat Form, Bottle Blood, Renounce Religion


You were on level 4 of the Dungeon.
You worshipped Vehumet.
Vehumet was noncommittal.
You were bloodless.

You visited 2 branches of the dungeon, and saw 5 of its levels.

You collected 182 gold pieces.

Inventory:

Hand weapons
 s - a +0,+1 dwarven dagger (weapon)
Armour
 a - a +0 robe (worn)
 b - a +0 wizard hat (worn)
 j - a +0 cloak (worn)
Scrolls
 d - a scroll of enchant weapon II {unknown}
 e - 5 scrolls of identify {unknown}
 g - 2 scrolls of remove curse {unknown}
 k - a scroll of magic mapping {unknown}
 n - 2 scrolls of noise {unknown}
 p - a scroll of enchant armour {unknown}
 q - a scroll of curse weapon {unknown}
 u - a scroll of curse armour {unknown}
 v - a scroll of random uselessness {unknown}
Potions
 f - 2 potions of curing {unknown}
 h - 2 potions of flight {unknown}
 i - a potion of speed {unknown}
 l - a potion of magic {unknown}
 m - 2 potions of confusion {unknown}
 r - a potion of might {unknown}
 t - a potion of heal wounds {unknown}
 w - 2 potions of paralysis {unknown}
Books
 c - a book of Minor Magic

   Spells                             Type                      Level
   *Magic Dart                        Conjuration                  1
   Blink                              Translocation                2
   Call Imp                           Summoning                    2
   Repel Missiles                     Charms/Air                   2
   Slow                               Hexes                        2
   *Conjure Flame                     Conjuration/Fire             3
   Mephitic Cloud                     Conjuration/Poison/Air       3
 o - a book of Cantrips

   Spells                             Type                      Level
   Confusing Touch                    Hexes                        1
   Animate Skeleton                   Necromancy                   1
   Summon Small Mammal                Summoning                    1
   Apportation                        Translocation                1


   Skills:
 - Level 2.1 Dodging
 - Level 3.0 Stealth
 - Level 3.0 Spellcasting
 * Level 4.5 Conjurations
   Level 1.0 Summonings
   Level 0.7 Translocations


You had 7 spell levels left.
You knew the following spells:

 Your Spells              Type           Power        Failure   Level  Hunger
a - Magic Dart            Conj           ###.         1%          1    None
s - Conjure Flame         Conj/Fire      ##......     14%         3    ###....


Dungeon Overview and Level Annotations

Branches:
Dungeon (4/27)             Temple (1/1) D:4

Altars:
Ashenzari
Fedhas
Makhleb
Nemelex Xobeh
Okawaru
Sif Muna
Trog
Vehumet
Yredelemnul
Zin
the Shining One

Portals:
Sewer: D:4


Innate Abilities, Weirdness & Mutations

You do not heal naturally.
You can bottle blood from corpses.
You have razor-sharp teeth.*
You have supernaturally acute eyesight.
You can survive without breathing.*


Message History

The giant mite bites you.
* * * LOW HITPOINT WARNING * * *
The giant mite closely misses you.
The giant cockroach splashes around in the water.
The giant gecko bites you.
* * * LOW HITPOINT WARNING * * *
The giant mite closely misses you.
A rat comes into view.
The giant mite barely misses you. The giant gecko misses you.
The giant cockroach waves its antennae.
The giant cockroach splashes around in the water.
The giant mite splashes around in the water.
The giant gecko barely misses you. The giant mite closely misses you.
The giant mite bites you.
* * * LOW HITPOINT WARNING * * *
The giant mite bites you.
* * * LOW HITPOINT WARNING * * *
Your unstable footing causes you to fumble your attack.
The rat barely misses you. The giant mite bites you.
You die...

#############
##.≈≈≈≈≈≈l≈≈.#######
#..≈≈≈≈∩≈ss@r.......
#.%≈≈≈≈≈≈ss≈.#######
#.############
#..........#.#
##########.#'#######
#.........#
#.........#
#.........#
#.........# #####


You could see 2 giant mites, a giant gecko, 2 giant cockroaches and a rat.

Vanquished Creatures
  The ghost of Ploo the Sneak, an average SpEn (D:3)
  3 gnolls (D:2)
  6 adders
  A giant mite (D:1)
  An inept feature mimic (D:2)
  3 worms
  4 giant geckos
  7 orcs (D:3)
  A giant cockroach (D:1)
  8 goblins
  5 hobgoblins
  4 jackals
  5 kobolds
  2 quokkas
  8 bats
  3 giant newts
  9 rats
  A rat skeleton (D:4)
  A butterfly (D:4)
73 creatures vanquished.

Notes
Turn   | Place    | Note
--------------------------------------------------------------
     0 | D:1      | PolkaDot, the Vampire Wizard, began the quest for the Orb.
     0 | D:1      | Reached XP level 1. HP: 11/11 MP: 6/6
    66 | D:1      | Reached skill level 1 in Conjurations
    66 | D:1      | Reached XP level 2. HP: 17/17 MP: 4/8
   693 | D:1      | Reached XP level 3. HP: 20/22 MP: 7/10
  1158 | D:2      | Learned a level 3 spell: Conjure Flame
  1395 | D:2      | Reached XP level 4. HP: 28/28 MP: 3/12
  2519 | D:3      | Noticed Ploo's ghost (average SpEn)
  2526 | D:3      | Killed Ploo's ghost
  2526 | D:3      | Reached skill level 4 in Conjurations
  2526 | D:3      | Reached XP level 5. HP: 33/33 MP: 4/13
  3183 | D:3      | Found a bloodstained altar of Trog.
  3411 | D:4      | Found a basalt altar of Yredelemnul.
  3475 | D:4      | Found a staircase to the Ecumenical Temple.
  3484 | Temple   | Entered the Ecumenical Temple
  3673 | Temple   | Became a worshipper of Vehumet
  3925 | D:4      | Reached XP level 6. HP: 31/39 MP: 4/15
  4004 | D:4      | Found a glowing drain.
  4017 | D:4      | Slain by a giant mite

Action                   |  1- 3 |  4- 6 || total
-------------------------+-------+-------++-------
Melee: Unarmed           |     3 |       ||     3
       Dagger            |       |    25 ||    25
 Cast: Magic Dart        |    95 |   124 ||   219
       Conjure Flame     |     4 |     7 ||    11
 Stab: Sleeping          |     1 |       ||     1
